 Dungeon Crawl Stone Soup version 0.18.1-50-g88ac8fd (webtiles) character file.

471 Dioneo the Shield-Bearer (level 6, 0/62 HPs)
             Began as a Troll Fighter on Oct 22, 2016.
             Slain by an orc
             ... wielding a +0 short sword
              (5 damage)
             ... on level 7 of the Dungeon.
             The game lasted 00:11:57 (3496 turns).

Dioneo the Shield-Bearer (Troll Fighter)            Turns: 3496, Time: 00:11:58

Health: 0/62       AC:  5    Str: 32    XL:     6   Next: 83%
Magic:  5/5        EV:  8    Int:  4    God:
Gold:   197        SH: 10    Dex:  9    Spells: 0 memorised, 5 levels left

rFire  . . .     SeeInvis .       - Unarmed
rCold  . . .     Gourm    +     a - +0 robe
rNeg   . . .     Faith    .     b - +0 shield
rPois  .         Spirit   .     (helmet restricted)
rElec  .         Dismiss  .     (no cloak)
rCorr  .         Reflect  .     (gloves unavailable)
SustAt .         Harm     .     (boots unavailable)
MR     .....                    (no amulet)
Stlth  +.........               (no ring)
                                (no ring)

@: mighty, not resistant to hostile enchantments, very unstealthy
A: unfitting armour, claws 3, fast metabolism 3, gourmand, regeneration 2,
shaggy fur 1, tough skin 2
a: no special abilities


You were on level 7 of the Dungeon.
You were very full.

You visited 1 branch of the dungeon, and saw 5 of its levels.

You collected 197 gold pieces.

Inventory:

Armour
 a - a +0 robe (worn)
 b - a +0 shield (worn)
Jewellery
 o - a cursed ring of protection from magic {unknown}
Wands
 g - a wand of acid (2/15)
Scrolls
 i - a scroll of noise {unknown}
 j - a scroll of remove curse {unknown}
 k - a scroll of fog {unknown}
 m - a scroll of identify {unknown}
 q - a scroll of teleportation {unknown}
Potions
 c - a potion of might
 e - a potion of degeneration {unknown}
 h - a potion of lignification {unknown}
 n - 2 potions of curing {unknown}
 p - a potion of agility {unknown}
 s - 2 potions of ambrosia {unknown}
Comestibles
 d - 2 bread rations
 f - 3 beef jerkies
 l - 2 chunks of flesh
 r - a meat ration


   Skills:
 + Level 3.8 Fighting
 - Level 2.4 Dodging
 * Level 4.8 Shields
 + Level 4.1 Unarmed Combat


You had 5 spell levels left.
You didn't know any spells.

Dungeon Overview and Level Annotations

Branches:
Dungeon (4/15)
 Temple: D:4-7

Altars:

Annotations:
D:7 1 runed door


Innate Abilities, Weirdness & Mutations

You are too large for most types of armour.
You have claws for hands.
Your metabolism is lightning-fast.
You like to eat raw meat.
You heal very quickly.
You are covered in fur (AC +1).
You have very tough skin (AC +2).


Message History

The orc hits you from afar with a trident!
You claw the orc wizard!
You kill the orc wizard!
You block the orc's attack. The orc hits you but does no damage. x2
Something hits you but does no damage. The orc hits you with a falchion.
* * * LOW HITPOINT WARNING * * *
You claw the orc warrior!
The orc warrior is almost dead.
The orc hits you from afar with a trident.
* * * LOW HITPOINT WARNING * * *
Something hits you but does no damage. You block the orc's attack. x2
The orc warrior hits you with a mace!
* * * LOW HITPOINT WARNING * * *
The orc hits you but does no damage. x2; Something hits you.
* * * LOW HITPOINT WARNING * * *
The orc barely misses you.
You barely miss the orc warrior.
The orc warrior is almost dead.
The orc hits you but does no damage. The orc hits you with a short sword.
You die...

##+##
##.))##
#8.[.8#
##.....##
#.......#
#.8...8.#
#.......#
#..oo...#
#.8@oo8.#


#ooooo..# #ooooo..# #o8)..8.# #..†....# #.......# #.......# #.......# You could
see 2 orc warriors, an orc priest and 12 orcs.

Vanquished Creatures
  An orc warrior (D:7)
  A sky beast (D:7)
  Jessica (D:2)
  An iguana (D:4)
  2 orc wizards (D:7)
  2 worker ants (D:4)
  Robin (D:4)
  2 adders (D:2)
  An ooze (D:3)
  5 worms
  2 dart slugs
  2 giant geckos
  6 orcs (D:7)
  5 bats
  A giant cockroach (D:1)
  14 goblins
  9 hobgoblins
  8 jackals
  A quokka (D:3)
  A ball python (D:1)
  10 giant newts
  A jackal skeleton (D:4)
  4 kobolds
  6 rats
87 creatures vanquished.

Notes
Turn   | Place    | Note
--------------------------------------------------------------
     0 | D:1      | Dioneo the Troll Fighter began the quest for the Orb.
     0 | D:1      | Reached XP level 1. HP: 22/22 MP: 0/0
   255 | D:1      | Reached XP level 2. HP: 29/29 MP: 1/1
   930 | D:2      | Reached XP level 3. HP: 31/36 MP: 2/2
  1140 | D:2      | Noticed Jessica
  1155 | D:2      | Killed Jessica
  1155 | D:2      | Reached XP level 4. HP: 33/44 MP: 3/3
  3013 | D:4      | Reached XP level 5. HP: 45/53 MP: 4/4
  3154 | D:4      | Noticed Robin
  3173 | D:4      | Killed Robin
  3469 | D:4      | You fall through a shaft for 3 floors!
  3469 | D:7      | Found a runed door.
  3469 | D:7      | Noticed a sky beast
  3472 | D:7      | Killed a sky beast
  3472 | D:7      | Reached XP level 6. HP: 61/61 MP: 5/5
  3484 | D:7      | Noticed an orc warrior
  3485 | D:7      | Noticed an orc warrior
  3487 | D:7      | Noticed an orc warrior
  3492 | D:7      | Killed an orc warrior
  3496 | D:7      | Slain by an orc

Skill      XL: |  1  2  3  4  5  6 |
---------------+-------------------+-----
Shields        | 3 4 |  4.8
Fighting       | 3 |  3.8
Unarmed Combat | 3 4 |  4.1
Dodging        | |  2.4

Action                   |  1- 3 |  4- 6 || total
-------------------------+-------+-------++-------
Melee: Unarmed           |    82 |   162 ||   244
Evoke: Wand              |       |     3 ||     3
  Use: Potion            |       |     1 ||     1
  Eat: Chunk             |    12 |    25 ||    37
Armor: Robe              |    15 |    48 ||    63
Dodge: Dodged            |    19 |    45 ||    64
Block: Shield            |    27 |    79 ||   106
